 Dungeon Sprint DCSS version 0.18-a0-1354-gbc5753f (webtiles) character file.

3740 Kidiri the Covert (level 9, -2/47 HPs)
             Began as a Spriggan Enchanter on Feb 19, 2016.
             Was a Believer of Dithmenos.
             Slain by a tentacle (4 damage)
             ... attached to a kraken
             ... in the Dungeon (Sprint II: "The Violet Keep of Menkaure").
             The game lasted 00:09:45 (1193 turns).

Kidiri the Covert (Spriggan Enchanter)              Turns: 1193, Time: 00:09:45

Health: -2/47      AC:  3    Str:  4    XL:     9   Next: 93%
Magic:  27/33      EV: 29    Int: 18    God:    Dithmenos [**....]
Gold:   677        SH:  0    Dex: 18    Spells: 9 memorised, 0 levels left

rFire  . . .     SeeInvis +     a - +1 dagger
rCold  . . .     Gourm    .     b - +1 robe
rNeg   . . .     Faith    .     (shield restricted)
rPois  .         Spirit   .     (helmet restricted)
rElec  .         Dismiss  .     (no cloak)
rCorr  .         Reflect  .     (gloves unavailable)
SustAt .         Harm     .     (boots unavailable)
MR     +....     NoTele   +     (no amulet)
Stlth  +++++++++.               t - ring of magical power
                                B - ring of wizardry

@: wreathed by umbra, very quick, somewhat resistant to hostile enchantments,
incredibly stealthy
A: unfitting armour, see invisible, herbivore 3, speed 3, slow metabolism 2
a: Shadow Step, Renounce Religion


You were in the Dungeon.
You worshipped Dithmenos.
Dithmenos was pleased with you.
You were not hungry.

You visited 1 branch You collected 1427 gold pieces.
You spent 750 gold pieces at shops.

Inventory:

Hand Weapons
 a - a +1 dagger (weapon)
Missiles
 k - 2 throwing nets (quivered)
Armour
 b - a +1 robe (worn)
Jewellery
 s - an uncursed ring of stealth
 t - a ring of magical power (right hand)
 A - an uncursed ring of positive energy
 B - a ring of wizardry (left hand)
Scrolls
 i - 2 scrolls of immolation {unknown}
 j - a scroll of blinking
 l - 2 scrolls of fog {unknown}
 p - a scroll of random uselessness {unknown}
 v - 2 scrolls of identify {unknown}
 w - a scroll of remove curse {unknown}
 y - a scroll of amnesia {unknown}
 D - a scroll of recharging {unknown}
Potions
 f - 2 potions of heal wounds
 g - a potion of haste
 h - 5 potions of magic
 m - 2 potions of cancellation {unknown}
 n - 3 potions of resistance {unknown}
 o - 2 potions of lignification {unknown}
 q - 2 potions of ambrosia {unknown}
 r - 4 potions of flight {unknown}
 u - a potion of brilliance {unknown}
 x - a potion of mutation {unknown}
 z - a potion of might {unknown}
Books
 e - a book of Burglary

   Spells                             Type                      Level
   a - Swiftness                      Charms/Air                   2
   b - Passwall                       Transmutation/Earth          2
   c - Passage of Golubria            Translocation                4
   d - Lee's Rapid Deconstruction     Earth                        5
   e - Darkness                       Hexes                        6
   f - Invisibility                   Hexes                        6
Comestibles
 d - a bread ration
 C - 3 fruits


   Skills:
 + Level 5.0 Fighting
 * Level 9.7 Short Blades
 + Level 4.5 Armour
 * Level 12.4 Dodging
 * Level 13.9 Stealth
 * Level 10.8 Spellcasting
 + Level 4.0 Conjurations
 + Level 8.4 Hexes
 + Level 4.6 Translocations
 + Level 4.4 Transmutations
 + Level 4.4 Ice Magic
 + Level 4.6 Earth Magic
 - Level 2.3 Invocations


You couldn't memorise any spells.
You knew the following spells:

 Your Spells              Type           Power        Failure   Level  Hunger
a - Corona                Hex            #####..      1%          1    None
b - Ensorcelled Hibernat  Hex/Ice        ####..       1%          2    None
c - Confuse               Hex            #####...     1%          3    None
d - Tukima's Dance        Hex            #####...     1%          3    None
e - Dazzling Spray        Conj/Hex       ####....     1%          3    None
f - Passwall              Trmt/Erth      ####......   1%          2    None
g - Passage of Golubria   Tloc           N/A          6%          4    ##.....
h - Lee's Rapid Deconstr  Erth           ####......   14%         5    #####..
i - Invisibility          Hex            #####...     16%         6    ######.


Dungeon Overview and Level Annotations

Branches:
Dungeon (1/1)

Altars:
Cheibriados
Dithmenos
Elyvilon
Fedhas
Gozag
Kikubaaqudgha
Makhleb
Nemelex Xobeh
Okawaru
Pakellas
Qazlal
Ru
Sif Muna
Trog
Vehumet
Xom
Yredelemnul
Zin
The Shining One
Beogh
Jiyva
Lugonu

Shops:
D %[:((==[=?}!:!*}

Annotations:
D exclusion: oklob plant


Innate Abilities, Weirdness & Mutations

You are tiny and cannot use many weapons and most armour.
You have supernaturally acute eyesight.
You are an herbivore.
You cover ground extremely quickly.
You need consume almost no food.


Message History

The kraken is heavily wounded.
Tentacles burst out of the water! 4 tentacles come into view.
Unknown command.
Casting: Ensorcelled Hibernation
Confirm with . or Enter, or press ? or * to list all spells.
Aiming: Dazzling Spray
Press: ? - help, Shift-Dir - straight line, f/p - kraken
Aim: a kraken (water, heavily wounded, umbra)
The spray of energy hits the kraken.
The kraken is heavily wounded.
The spray of energy hits the tentacle.
The tentacle is moderately wounded.
The spray of energy hits the tentacle.
The tentacle is lightly wounded.
The tentacle is dazzled.
The kraken bites you!!!
Ouch! That really hurt!
* * * LOW HITPOINT WARNING * * *
The tentacle completely misses you. The tentacle slaps you.
You die...

.##.#":▓.([.(...▓▓
...####▓[.......▓▓
#..##)#▓))..%.[.▓▓
+^.#..#▓....(().▓▓
#..#..#▓.(.[..).▓▓
#^.##.#▓)[.....(▓▓
##...##▓▓▓▓▓▓▓'▓▓▓▓+▓
.≈≈≈≈≈≈≈≈≈≈≈≈≈...ww≈▓
.≈#+########+###@X≈≈▓
§≈#.._._...#t§≈##ww≈▓
.≈#._._._..#≈§§§####▓
≈≈#.._._._.#≈≈§§≈#
≈≈#._._._._#§§§§§≈
≈≈#.._._._.#§§§≈§
≈≈#..._._._#§t§§§
≈≈#...._._.#§≈≈§
≈≈#....._._#§§≈≈


You could see a kraken and 4 tentacles.

Vanquished Creatures
  2 hell hogs (D)
  A siren (D)
  A yaktaur (D)
  3 polar bears (D)
  3 slime creatures (D)
  2 boulder beetles (D)
  Menkaure (D)
  2 hippogriffs (D)
  A wasp (D)
  A scorpion (D)
  4 worker ants (D)
  A spectral bat (D)
  A spectral giant gecko (D)
23 creatures vanquished.

Vanquished Creatures (others)
  A crocodile (D)
1 creature vanquished.

Grand Total: 24 creatures vanquished

Notes
Turn   | Place    | Note
--------------------------------------------------------------
     0 | D        | Kidiri the Spriggan Enchanter began the quest for the Orb.
     0 | D        | Reached XP level 1. HP: 9/9 MP: 5/5
     1 | D        | Noticed a hippogriff
     1 | D        | Noticed a hippogriff
     4 | D        | Noticed a worker ant
     4 | D        | Noticed a worker ant
     7 | D        | Noticed a siren
    10 | D        | Noticed a boulder beetle
    10 | D        | Noticed a boulder beetle
    16 | D        | Noticed a worker ant
    16 | D        | Noticed a worker ant
    21 | D        | Killed a worker ant
    21 | D        | Reached skill level 1 in Fighting
    21 | D        | Reached skill level 1 in Armour
    21 | D        | Reached skill level 5 in Stealth
    21 | D        | Reached XP level 2. HP: 14/14 MP: 5/7
    28 | D        | Reached skill level 5 in Dodging
    28 | D        | Reached skill level 6 in Stealth
    28 | D        | Reached XP level 3. HP: 18/18 MP: 5/9
    31 | D        | Reached XP level 4. HP: 22/22 MP: 5/11
    43 | D        | Reached skill level 7 in Stealth
    43 | D        | Reached skill level 5 in Spellcasting
    43 | D        | Reached skill level 5 in Hexes
    46 | D        | Killed a crocodile
    51 | D        | Learned a level 2 spell: Ensorcelled Hibernation
    55 | D        | Learned a level 3 spell: Confuse
    59 | D        | Learned a level 3 spell: Tukima's Dance
    63 | D        | Learned a level 3 spell: Dazzling Spray
   101 | D        | Killed a hippogriff
   101 | D        | Reached skill level 5 in Short Blades
   101 | D        | Reached skill level 9 in Stealth
   101 | D        | Reached skill level 1 in Conjurations
   101 | D        | Reached skill level 1 in Ice Magic
   101 | D        | Reached XP level 5. HP: 27/27 MP: 4/14
   188 | D        | Killed a hippogriff
   188 | D        | Reached XP level 6. HP: 30/32 MP: 11/17
   199 | D        | Noticed a flying skull
   200 | D        | Noticed a flying skull
   200 | D        | Noticed a flying skull
   200 | D        | Noticed a flying skull
   200 | D        | Noticed a flying skull
   200 | D        | Noticed a flying skull
   201 | D        | Noticed a flying skull
   201 | D        | Noticed a flying skull
   201 | D        | Noticed a flying skull
   201 | D        | Noticed Menkaure
   202 | D        | Found Dobuyqoj's Assorted Antiques.
   202 | D        | Found Benirei's Gadget Shop.
   212 | D        | Noticed a flying skull
   213 | D        | Found Guco's Book Boutique.
   213 | D        | Found Plog's Distillery.
   215 | D        | Found Plog's Gadget Boutique.
   215 | D        | Found Plog's Distillery.
   221 | D        | Found Saicsix's Magic Scroll Boutique.
   222 | D        | Killed Menkaure
   222 | D        | Reached skill level 10 in Stealth
   223 | D        | Found Susche Uph's Antique Armour Shop.
   223 | D        | Found Tiuf's Jewellery Boutique.
   365 | D        | Killed a siren
   365 | D        | Reached skill level 11 in Stealth
   365 | D        | Reached XP level 7. HP: 36/36 MP: 17/19
   390 | D        | Killed a boulder beetle
   390 | D        | Reached skill level 10 in Dodging
   521 | D        | Killed a boulder beetle
   521 | D        | Reached XP level 8. HP: 42/42 MP: 16/21
   537 | D        | Noticed an obsidian statue
   546 | D        | Reached skill level 12 in Stealth
   553 | D        | Found Ilat's Jewellery Shop.
   553 | D        | Found Eciperam's Jewellery Boutique.
   557 | D        | Found Luala's Weapon Boutique.
   557 | D        | Found Ussocyurr's Antique Weapon Shop.
   557 | D        | Noticed a death yak
   557 | D        | Noticed an oklob plant
   558 | D        | Found Kaip Zupn's Antique Armour Shop.
   558 | D        | Found Etocsaph's Book Shoppe.
   558 | D        | Found Yhuzeih's Food Boutique.
   560 | D        | Noticed an iron elemental
   564 | D        | Bought a book of Burglary for 750 gold pieces
   567 | D        | Learned a level 2 spell: Passwall
   572 | D        | Learned a level 4 spell: Passage of Golubria
   578 | D        | Learned a level 5 spell: Lee's Rapid Deconstruction
   711 | D        | Found a sacrificial altar of Ru.
   711 | D        | Found a white marble altar of Elyvilon.
   712 | D        | Found a deep blue altar of Sif Muna.
   712 | D        | Found a snail-covered altar of Cheibriados.
   712 | D        | Found a glowing golden altar of the Shining One.
   713 | D        | Found a sparkling altar of Nemelex Xobeh.
   713 | D        | Found an opulent altar of Gozag.
   713 | D        | Found an ancient bone altar of Kikubaaqudgha.
   714 | D        | Found an oddly glowing altar of Pakellas.
   714 | D        | Found an iron altar of Okawaru.
   714 | D        | Found a shimmering altar of Xom.
   715 | D        | Found a blossoming altar of Fedhas.
   715 | D        | Found a shadowy altar of Dithmenos.
   715 | D        | Found a corrupted altar of Lugonu.
   716 | D        | Found a burning altar of Makhleb.
   716 | D        | Found a radiant altar of Vehumet.
   717 | D        | Found a glowing silver altar of Zin.
   718 | D        | Noticed a yaktaur
   718 | D        | Noticed a polar bear
   719 | D        | Noticed a polar bear
   719 | D        | Noticed a polar bear
   720 | D        | Killed a polar bear
   720 | D        | Reached skill level 1 in Translocations
   720 | D        | Reached skill level 1 in Transmutations
   720 | D        | Reached skill level 1 in Earth Magic
   726 | D        | Killed a polar bear
   729 | D        | Killed a polar bear
   738 | D        | Killed a yaktaur
   738 | D        | Reached XP level 9. HP: 29/46 MP: 11/23
   809 | D        | Found a basalt altar of Yredelemnul.
   811 | D        | Found a viscous altar of Jiyva.
   811 | D        | Found a bloodstained altar of Trog.
   812 | D        | Found a roughly hewn altar of Beogh.
   812 | D        | Found a stormy altar of Qazlal.
   818 | D        | Became a worshipper of Dithmenos the Shadowed
   832 | D        | Noticed a hell hog
   833 | D        | Noticed a hell hog
   834 | D        | Killed a hell hog
   834 | D        | Reached skill level 13 in Stealth
   834 | D        | Reached skill level 10 in Spellcasting
   834 | D        | Reached skill level 1 in Invocations
   836 | D        | Killed a hell hog
   836 | D        | Reached * piety under Dithmenos
   857 | D        | Reached ** piety under Dithmenos
   859 | D        | Reached skill level 5 in Fighting
   866 | D        | Noticed a deep elf master archer
  1004 | D        | Noticed a death drake
  1015 | D        | Learned a level 6 spell: Invisibility
  1024 | D        | Noticed a kraken
  1193 | D        | HP: 2/47 [kraken (45)]
  1193 | D        | Slain by a tentacle

Vault maps used:
D:        the_violet_keep_of_menkaure

Action                   |  1- 3 |  4- 6 |  7- 9 || total
-------------------------+-------+-------+-------++-------
Melee: Dagger            |    11 |    20 |    27 ||    58
 Cast: Ensorcelled Hiber |       |     7 |     9 ||    16
       Corona            |       |     1 |       ||     1
       Dazzling Spray    |       |     4 |    10 ||    14
       Confuse           |       |     2 |     8 ||    10
  Use: Potion            |     2 |     1 |       ||     3
 Stab: Sleeping          |     1 |     3 |    11 ||    15
       Confused          |       |     1 |     5 ||     6
